 Dungeon Crawl Stone Soup version 0.22-a0-422-g9628fc8 (webtiles) character file.

27 raistware the Magician (level 2, 0/19 HPs)
             Began as a Mummy Wizard on May 16, 2018.
             Slain by an orc warrior
             ... wielding a +0 dire flail
              (11 damage)
             ... on level 2 of the Dungeon.
             The game lasted 00:04:43 (1390 turns).

raistware the Magician (Mummy Wizard)               Turns: 1390, Time: 00:04:44

Health: 0/19       AC:  2    Str: 10    XL:     2   Next: 93%
Magic:  5/16       EV: 17    Int: 17    God:
Gold:   78         SH:  0    Dex: 10    Spells: 4/9 levels left

rFire    x . .     SeeInvis .   d - +0 short sword (protect)
rCold    + . .     Gourm    .   (no shield)
rNeg     + + +     Faith    .   a - +0 robe
rPois    ∞         Spirit   .   b - +0 hat
rElec    .         Reflect  .   (no cloak)
rCorr    .         Harm     .   (no gloves)
MR       .....                  (no boots)
Stlth    ++........             (no amulet)
HPRegen  0.06/turn              c - +5 ring of evasion
MPRegen  0.15/turn              h - ring of magical power

@: no status effects
A: no food or potions, fire vulnerability, cold resistance 1, negative energy
resistance 3, torment resistance, unbreathing
a: no special abilities


You were on level 2 of the Dungeon.
You were not hungry.

You visited 1 branch of the dungeon, and saw 2 of its levels.

You collected 78 gold pieces.

Inventory:

Hand Weapons
 d - a +0 short sword of protection (weapon)
Armour
 a - a +0 robe (worn)
 b - a +0 hat (worn)
Jewellery
 c - a +5 ring of evasion (left hand)
 h - a ring of magical power (right hand)
Scrolls
 e - 2 scrolls of identify {unknown}
 f - 2 scrolls of fear {unknown}
 g - a scroll of amnesia {unknown}


   Skills:
 - Level 1.5 Dodging
 - Level 1.5 Stealth
 + Level 4.4 Spellcasting
 * Level 2.0 Conjurations
 - Level 0.7 Summonings
 - Level 0.7 Translocations


You had 4 spell levels left.
You knew the following spells:

 Your Spells              Type           Power        Failure   Level  Hunger
a - Magic Dart            Conj           ##..         6%          1    N/A
b - Blink                 Tloc           N/A          17%         2    N/A
c - Call Imp              Summ           #.......     17%         2    N/A

Your spell library contained the following spells:

 Spells                   Type           Power        Failure   Level  Hunger
 Conjure Flame            Conj/Fire      #.......     30%         3    N/A
 Slow                     Hex            #.......     22%         2    N/A
 Mephitic Cloud           Conj/Pois/Air  #.......     34%         3    N/A

Dungeon Overview and Level Annotations

Branches:
Dungeon (2/15)

Altars:


Innate Abilities, Weirdness & Mutations

You do not eat or drink.
Your flesh is vulnerable to fire.
You are immune to poison.
Your flesh is cold resistant. (rC+)
You are immune to negative energy. (rN+++)
You are immune to unholy pain and torment.
You can survive without breathing.


Message History

A beastly little devil appears in a puff of flame.
You hit the orc warrior but do no damage.
Your weapon exudes an aura of protection.
The orc warrior is heavily wounded.
The orc warrior hits you but does no damage.
You hit the orc warrior but do no damage.
The orc warrior is heavily wounded.
The orc warrior barely misses you.
You closely miss the orc warrior.
The orc warrior is heavily wounded.
The orc warrior hits you with a dire flail!
Your crimson imp blinks!
You hit the orc warrior.
The orc warrior is heavily wounded.
Your crimson imp disappears in a puff of smoke!
The hobgoblin barely misses you. The hobgoblin closely misses you.
The orc warrior hits you with a dire flail!
Ouch! That really hurt!
You die...

#...........##....†...#
##.....###############.#
#.......######### ###.###
#.##.##.#.......# #.....#
#.##.##.#[......# #.....#
#....(..#.......# #.....#
#.##.##.#.......## #.....#
#.##.##.#......go###.....#
#.......#.....@o#.#......#
#..####.#.<....###..#.##.#
#..####.#######.#.#.#o##.#
#.......#......#.##...##.#
#...............#.##..###.#
#.#..#.##).###..#.##..###.###
#. #. #..# .....##......§.# #
.. #..##...#####.#.###o## .#.
#.....#.. ...#^# #..#


You could see an orc warrior, an orc and a hobgoblin.

Vanquished Creatures
  2 dart slugs (D:1)
  A giant cockroach (D:1)
  3 goblins
  A hobgoblin (D:1)
  6 bats
  6 kobolds
  A rat (D:1)
20 creatures vanquished.

Vanquished Creatures (collateral kills)
  An orc (D:2)
1 creature vanquished.

Grand Total: 21 creatures vanquished

Notes
Turn   | Place    | Note
-------+----------+-------------------------------------------
     0 | D:1      | raistware the Mummy Wizard began the quest for the Orb.
     0 | D:1      | Reached XP level 1. HP: 13/13 MP: 5/5
   140 | D:1      | Reached skill level 1 in Conjurations
   448 | D:1      | Reached XP level 2. HP: 15/19 MP: 2/7
   452 | D:1      | Learned a level 2 spell: Blink
   455 | D:1      | Learned a level 2 spell: Call Imp
  1303 | D:2      | Noticed an orc warrior
  1390 | D:2      | Slain by an orc warrior

Vault maps used:
D:1:      dpeg_arrival_round_c

Skill      XL: |  1  2 |
---------------+-------+-----
Conjurations   | 1 2 |  2.0
Dodging        | |  1.5
Stealth        | |  1.5
Spellcasting   | |  4.4
Summonings     | |  0.7
Translocations | |  0.7

Action                   || total
-------------------------++-------
Melee: Hand axe          ||     7
       Short sword       ||    14
 Cast: Magic Dart        ||    50
       Call Imp          ||     8
Armor: Robe              ||     1
Dodge: Dodged            ||    26

Table legend:
 A = Spawn XP
 B = Non-spawn XP
 C = Spawn XP percentage of total XP
 D = Spawn monster count
 E = Non-spawn monster count
 F = Spawn count percentage of total count
 G = Total turns spent on level
                    A         B        C        D         E        F      G
               +---------+---------+-------+---------+---------+-------+---------
         Total |       0 |      39 |   0.0 |       0 |      21 |   0.0 |  1390
               +---------+---------+-------+---------+---------+-------+---------
           D:1 |       0 |      31 |   0.0 |       0 |      17 |   0.0 |  1073
           D:2 |       0 |       8 |   0.0 |       0 |       4 |   0.0 |   317
               +---------+---------+-------+---------+---------+-------+---------
